 Dungeon Crawl Stone Soup version 0.22-a0-348-gd16d139 (webtiles) character file.

17994 wvc the Spear-Bearer (level 12, -6/101 HPs)
             Began as a Centaur Wanderer on Apr 11, 2018.
             Was a High Priest of Cheibriados.
             Mangled by a death yak (22 damage)
             ... on level 2 of the Lair of Beasts.
             The game lasted 00:33:33 (14497 turns).

wvc the Spear-Bearer (Centaur Wanderer)            Turns: 14497, Time: 00:33:34

Health: -6/101     AC: 15    Str: 35    XL:     12   Next: 23%
Magic:  16/16      EV: 10    Int: 24    God:    Cheibriados [*****.]
Gold:   546        SH:  0    Dex: 25    Spells: 4/13 levels left

rFire    . . .     SeeInvis +   C - +6 trident "Inatuhig" {elec, +Inv rElec rC+ Stlth+}
rCold    + . .     Gourm    +   (no shield)
rNeg     . . .     Faith    .   Q - +3 plate armour {rPois}
rPois    +         Spirit   .   K - +1 hat
rElec    +         Reflect  .   (no cloak)
rCorr    +         Harm     .   F - +0 pair of gloves
MR       .....                  (no barding)
Stlth    ..........             O - amulet of the gourmand
HPRegen  0.26/turn              L - ring of see invisible
MPRegen  0.15/turn              k - ring of resist corrosion

@: mighty, very slow
A: large, antennae 1, hooves 3, repulsion field 1, blurry vision 1, deformed
body, speed 2, tough skin 3, no potion heal 1
a: Bend Time, Temporal Distortion, Slouch, Step From Time, Renounce Religion,
Evoke Invisibility


You were on level 2 of the Lair of Beasts.
You worshipped Cheibriados.
Cheibriados was extremely pleased with you.
You were not hungry.

You visited 3 branches of the dungeon, and saw 14 of its levels.
You also visited: Labyrinth and Bailey.

You collected 809 gold pieces.
You spent 263 gold pieces at shops.

Inventory:

Hand Weapons
 a - a +0 spear
 b - a +0 shortbow
 p - a +0 spear of venom
 r - a +1 long sword
 C - the +6 trident "Inatuhig" (weapon) {elec, +Inv rElec rC+ Stlth+}
   (You bought it in a shop on level 6 of the Dungeon)

   Occasionally, upon striking a foe, it will discharge some electrical energy
   and cause terrible harm.
   It protects you from cold.
   It insulates you from electricity.
   It lets you turn invisible.
   It makes you more stealthy.
Missiles
 c - 222 arrows
Armour
 F - a +0 pair of gloves (worn)
 K - a +1 hat (worn)
 Q - a +3 plate armour of poison resistance (worn)
Magical Staves
 D - an uncursed staff of fire
Jewellery
 e - an uncursed ring of fire
 k - a ring of resist corrosion (right hand)
 L - a ring of see invisible (left hand)
 N - an uncursed ring of ice
 O - an amulet of the gourmand (around neck)
Wands
 w - a wand of iceblast (3)
 z - a wand of enslavement (7)
 E - a wand of polymorph (15)
Scrolls
 g - 3 scrolls of blinking
 l - 6 scrolls of remove curse
 m - 3 scrolls of magic mapping
 n - 9 scrolls of teleportation
 o - 4 scrolls of amnesia
 q - 3 scrolls of enchant armour
 x - 2 scrolls of enchant weapon
 A - a scroll of immolation
 B - 6 scrolls of identify
 G - a scroll of fear
 M - a scroll of fog
Potions
 d - a potion of lignification
 h - 8 potions of curing
 j - a potion of brilliance
 s - a potion of haste
 t - a potion of berserk rage
 u - 3 potions of magic
 H - a potion of heal wounds
 I - a potion of cancellation
 J - 3 potions of flight
Miscellaneous
 i - a lightning rod (4/4)
Comestibles
 f - 16 rations


   Skills:
 + Level 7.9 Fighting
 - Level 2.6 Long Blades
   Level 0.1 Maces & Flails
 - Level 14.1 Polearms
 - Level 1.3 Bows
 + Level 5.1 Armour
 + Level 2.2 Dodging
 - Level 1.0 Stealth
 - Level 1.0 Spellcasting
 - Level 2.6 Charms
 - Level 1.0 Air Magic
 * Level 5.6 Invocations
 - Level 1.0 Evocations


You had 4 spell levels left.
You knew the following spells:

 Your Spells              Type           Power        Failure   Level  Hunger
a - Regeneration          Chrm/Necr      #.........   85%         3    ####...
b - Deflect Missiles      Chrm/Air       ##........   100%        6    #######


Dungeon Overview and Level Annotations

Branches:
Dungeon (11/15)            Temple (1/1) D:4            Lair (2/6) D:9
    Orc (0/2) D:10
  Swamp: Lair:2-4    Shoals: Lair:2-4     Snake: Lair:2-4    Spider: Lair:2-4

Altars:
Ashenzari
Cheibriados
Dithmenos
Elyvilon
Fedhas
Gozag
Hepliaklqana
Kikubaaqudgha
Makhleb
Nemelex Xobeh
Okawaru
Qazlal
Ru
Sif Muna
Trog
Uskayaw
Vehumet
Wu Jian
Xom
Yredelemnul
Zin
The Shining One

Shops:
D:6 ?(   D:7 }

Annotations:
D:6 exclusion: oklob plant


Innate Abilities, Weirdness & Mutations

You have hooves in place of feet.
Armour fits poorly on your strangely shaped body.
You cover ground very quickly.
You have extremely tough skin. (AC +3)
You have a pair of small antennae on your head.
You are surrounded by a mild repulsion field. (EV +2)
Scrolls take you a little longer to read.
Potions are less effective at restoring your health.


Message History

You are too injured to fight recklessly!
You are too injured to fight recklessly!
Attack whom?
Press: ? - help, Dir - move target cursor, f - death yak
Aim: a death yak You hit the death yak.
Your kick misses the death yak.
The death yak is lightly wounded.
Attack whom?
Press: ? - help, Dir - move target cursor, f/p - death yak
Aim: a death yak (lightly wounded)
You puncture the death yak! You kick the death yak.
The death yak is moderately wounded.
The death yak gores you!!
* * * LOW HITPOINT WARNING * * *
The death yak gores you!
* * * LOW HITPOINT WARNING * * *
Okay, then.
Your system partially rejects the healing.
You feel much better. The death yak gores you!!
You die...

#...#..#### ####
##.........### #...
#.........+..######...
#.........#...(.##...
#........(##.##.#....
#........######..#...
#.........# ##..+...
#........## #..#P...
##.+@#..## ####....
##YY#### ##... ##l#
###+ #.. #. ... ###)
.... #... .?.. +...
...... #... #...


You could see 2 death yaks and a komodo dragon.

Vanquished Creatures
  A minotaur (Lab)
  2 hydras
  Erica (D:9)
  3 two-headed ogres
  3 death yaks (Lair:2)
  An unseen horror (D:10)
  Pikel (D:4)
  An ugly thing (D:11)
  A black mamba (Lair:2)
  A komodo dragon (D:11)
  A queen bee (D:9)
  Grinder (D:6)
  A blink frog (Lair:2)
  2 hippogriffs
  Sigmund (D:4)
  2 shadows (D:11)
  A vampire (D:11)
  11 yaks
  A hungry ghost (D:7)
  Eustachio (D:4)
  A water moccasin (Lair:1)
  2 ice beasts (D:11)
  2 porcupines (Lair:1)
  Duvessa (D:4)
  4 slaves (Temple)
  A black bear (D:8)
  A hornet zombie (D:10)
  4 orc warriors
  A swamp drake (D:8)
  A sky beast (D:7)
  4 ogres
  4 phantoms
  5 centaurs
  A crocodile (D:8)
  3 big kobolds
  6 bullfrogs
  Dowan (D:4)
  2 scorpions
  15 killer bees (D:9)
  2 howler monkeys (D:8)
  An electric eel (Lair:1)
  2 crimson imps
  2 centaur zombies
  A bullfrog zombie (D:5)
  A quasit (D:9)
  7 hounds
  10 jellies
  3 centaur skeletons
  2 orc priests (D:5)
  Natasha (twice) (D:4)
  2 iguanas
  Ijyb (D:4)
  3 orc wizards (D:11)
  5 worker ants
  2 hound zombies
  3 worker ant zombies
  14 adders
  4 shadow imps
  15 oozes
  An adder zombie (D:8)
  3 adder skeletons
  5 worms
  5 dart slugs
  7 leopard geckos
  27 orcs
  3 giant cockroaches
  15 goblins
  4 hobgoblins
  12 jackals
  23 kobolds
  4 quokkas
  9 bats
  A quokka skeleton (D:4)
  A quokka zombie (D:9)
  8 rats
306 creatures vanquished.

Vanquished Creatures (others)
  9 fungi
  2 plants
11 creatures vanquished.

Grand Total: 317 creatures vanquished

Notes
Turn   | Place    | Note
-------+----------+-------------------------------------------
     0 | D:1      | wvc the Centaur Wanderer began the quest for the Orb.
     0 | D:1      | wvc set off with: a +0 shortbow, 25 arrows, a potion of lignification, a +0 robe, a ration
     0 | D:1      | Reached XP level 1. HP: 16/16 MP: 2/2
   373 | D:1      | Reached XP level 2. HP: 24/24 MP: 3/3
   997 | D:2      | Reached XP level 3. HP: 25/30 MP: 4/4
  1336 | D:2      | Found an ornate altar of the Wu Jian Council.
  1357 | D:2      | Reached skill level 1 in Long Blades
  1906 | D:2      | Reached XP level 4. HP: 26/38 MP: 5/5
  2375 | D:3      | Found a shattered altar of Ashenzari.
  2591 | D:3      | Found a sacrificial altar of Ru.
  2607 | D:3      | Became a worshipper of Ru the Awakened
  2707 | D:3      | Reached XP level 5. HP: 40/46 MP: 6/6
  3274 | D:4      | Noticed a phantom
  3315 | D:4      | Killed a phantom
  3315 | D:4      | Reached skill level 1 in Polearms
  3511 | D:4      | Noticed Ijyb
  3521 | D:4      | Killed Ijyb
  3521 | D:4      | Reached skill level 2 in Polearms
  3521 | D:4      | Reached XP level 6. HP: 53/53 MP: 7/7
  3527 | D:4      | Noticed Eustachio
  3546 | D:4      | Killed Eustachio
  3668 | D:4      | Found a bloodstained altar of Trog.
  3722 | D:4      | Reached skill level 5 in Fighting
  3722 | D:4      | Reached skill level 3 in Polearms
  3905 | D:4      | Noticed Duvessa
  3906 | D:4      | Noticed Dowan
  3932 | D:4      | Killed Duvessa
  3932 | D:4      | Reached XP level 7. HP: 37/61 MP: 8/8
  3951 | D:4      | Killed Dowan
  3951 | D:4      | Reached skill level 4 in Polearms
  4101 | D:4      | Found a staircase to the Ecumenical Temple.
  4105 | D:4      | Noticed Pikel
  4111 | Temple   | Entered the Ecumenical Temple
  4143 | Temple   | Fell from the grace of Ru
  4143 | Temple   | Became a worshipper of Cheibriados the Contemplative
  4476 | Temple   | HP: 3/61 [slave[Pikel] (4)]
  4487 | Temple   | HP: 2/91 [slave[Pikel] (4)]
  4826 | D:4      | Killed Pikel
  4826 | D:4      | Reached skill level 5 in Polearms
  4826 | D:4      | Reached XP level 8. HP: 60/70 MP: 9/9
  4985 | D:4      | Noticed Sigmund
  5008 | D:4      | Killed Sigmund
  5008 | D:4      | Reached skill level 6 in Polearms
  5360 | D:4      | Noticed Natasha
  5367 | D:4      | Killed Natasha
  5542 | D:4      | Noticed Natasha
  5548 | D:4      | Killed Natasha
  5661 | D:5      | Entered Level 5 of the Dungeon
  5681 | D:5      | Reached skill level 7 in Polearms
  5853 | D:5      | Learned a level 3 spell: Regeneration
  6418 | D:5      | Found a shadowy altar of Dithmenos.
  6814 | D:6      | Found Mohauhac's Antique Weapon Shoppe.
  6818 | D:6      | Noticed Grinder
  6830 | D:6      | Killed Grinder
  6830 | D:6      | Reached skill level 8 in Polearms
  6835 | D:6      | Found Megecocyth's Magic Scroll Shop.
  6895 | D:6      | Bought a transparent trident for 263 gold pieces
  6895 | D:6      | Identified the +6 trident "Inatuhig" {elec, +Inv rElec rC+ Stlth+} (You bought it in a shop on level 6 of the Dungeon)
  7153 | D:6      | Reached XP level 9. HP: 70/75 MP: 10/10
  7174 | D:6      | Found a blossoming altar of Fedhas.
  7239 | D:6      | Reached skill level 9 in Polearms
  7526 | D:6      | Reached * piety under Cheibriados
  7952 | D:6      | Noticed an oklob plant
  7995 | D:6      | Reached ** piety under Cheibriados
  8366 | D:7      | Found Izocoxz Ughe's Gadget Emporium.
  8378 | D:7      | Reached skill level 10 in Polearms
  8388 | D:7      | Found a burning altar of Makhleb.
  8666 | D:7      | Found a flagged portal.
  8680 | Bailey   | Entered a bailey
  8680 | Bailey   | Noticed an orc knight
  8680 | Bailey   | Noticed an orc knight
  8681 | Bailey   | Noticed an orc knight
  8693 | Bailey   | HP: 3/75 [orc warrior/bolt (6)]
  9185 | D:7      | Found an ancient bone altar of Kikubaaqudgha.
  9263 | D:7      | Found a glowing silver altar of Zin.
  9278 | D:7      | Found a stormy altar of Qazlal.
  9281 | D:7      | Found a basalt altar of Yredelemnul.
  9626 | D:8      | Noticed a two-headed ogre
  9634 | D:8      | Killed a two-headed ogre
  9634 | D:8      | Reached skill level 11 in Polearms
 10050 | D:8      | Found a snail-covered altar of Cheibriados.
 10070 | D:8      | Reached XP level 10. HP: 75/83 MP: 11/11
 10281 | D:8      | Identified the Disquisition on Assistive Unholy Rituals
 10299 | D:8      | Learned a level 6 spell: Deflect Missiles
 10423 | D:8      | Reached *** piety under Cheibriados
 10491 | D:8      | Found a glowing golden altar of the Shining One.
 10658 | D:9      | Noticed a two-headed ogre
 10664 | D:9      | Killed a two-headed ogre
 10664 | D:9      | Reached skill level 12 in Polearms
 10689 | D:9      | Found a staircase to the Lair.
 10881 | D:9      | Reached **** piety under Cheibriados
 11217 | D:9      | Reached skill level 13 in Polearms
 11547 | D:9      | Noticed Erica
 11555 | D:9      | Killed Erica
 11842 | D:10     | Entered Level 10 of the Dungeon
 11943 | D:10     | Gained mutation: Scrolls take you a little longer to read. [potion of mutation]
 11943 | D:10     | Gained mutation: You are surrounded by a mild repulsion field. (EV +2) [potion of mutation]
 11943 | D:10     | Gained mutation: Potions are less effective at restoring your health. [potion of mutation]
 11943 | D:10     | Gained mutation: You have a pair of small antennae on your head. [potion of mutation]
 11967 | D:10     | Reached XP level 11. HP: 79/89 MP: 12/12
 11980 | D:10     | Noticed a two-headed ogre
 11986 | D:10     | Killed a two-headed ogre
 12076 | D:10     | Noticed an unseen horror
 12085 | D:10     | Killed an unseen horror
 12085 | D:10     | Reached skill level 14 in Polearms
 12112 | D:10     | Found a staircase to the Orcish Mines.
 12125 | D:10     | Reached skill level 1 in Invocations
 12132 | D:10     | Reached ***** piety under Cheibriados
 12535 | D:11     | Reached skill level 1 in Dodging
 12547 | D:11     | HP: 3/91 [komodo dragon (16)]
 12553 | D:11     | HP: 3/91 [poisoned by a kobold]
 12812 | D:11     | Found a labyrinth entrance.
 12816 | D:11     | Noticed a purple ugly thing
 12821 | Lab      | Entered a labyrinth
 13068 | Lab      | Noticed a minotaur
 13079 | Lab      | Killed a minotaur
 13082 | Lab      | Identified Giurouc's Almanac of the Fiery Rocks
 13084 | Lab      | Got a fine hand axe
 13108 | D:11     | Killed a green ugly thing
 13239 | Lair:1   | Entered Level 1 of the Lair of Beasts
 13445 | Lair:1   | Identified the +8 hand axe of Gluttony {venom, rF+ Str+6 Dex+3} (You found it in a labyrinth)
 13465 | Lair:1   | Noticed an eight-headed hydra
 13473 | Lair:1   | Killed an eight-headed hydra
 14354 | Lair:2   | Noticed a five-headed hydra
 14360 | Lair:2   | Killed a five-headed hydra
 14360 | Lair:2   | Reached skill level 5 in Invocations
 14360 | Lair:2   | Reached XP level 12. HP: 100/100 MP: 15/15
 14469 | Lair:2   | Noticed a death yak
 14469 | Lair:2   | Noticed a death yak
 14479 | Lair:2   | Killed a death yak
 14481 | Lair:2   | Noticed a death yak
 14481 | Lair:2   | Noticed a death yak
 14482 | Lair:2   | Noticed a death yak
 14485 | Lair:2   | Killed a death yak
 14489 | Lair:2   | Killed a death yak
 14489 | Lair:2   | Reached skill level 5 in Armour
 14496 | Lair:2   | HP: 4/101 [death yak (11)]
 14497 | Lair:2   | Mangled by a death yak

Vault maps used:
D:1:      minmay_arrival_stone_box
D:2:      cheibrodos_old_hovel, lemuel_crystal_altar, corexii_leaking_fountain
D:3:      lemuel_doored_altar, cheibrodos_ashenzari_chains, first_ration
D:4:      lightli_temple_of_fire, minmay_temple_entry_hall, uniq_duvessa,
          uniq_ijyb, uniq_eustachio, uniq_sigmund, uniq_natasha, uniq_pikel
D:5:      kennysheep_mini, kennysheep_potato
D:6:      lemuel_slime, kennysheep_little_box, serial_shops, shop, shop,
          uniq_grinder
D:7:      makhleb_heckhound_becter, grunt_temple_overflow_cloverleaf,
          enter_bailey_3, serial_shops, shop
D:8:      kennysheep_mini_moat, basic_altar, serial_bayou_lagoon_a
D:9:      dpeg_oklobed_lair, david_nohive_1, uniq_erica
D:10:     david_orc_2
D:11:     lab_entry_generic, grunt_qazlal_sundering
Temple:   cyrus_temple_forest
Lair:1:   grunt_megastairs_2, serial_bayou_shore_a
Lair:2:   swamp_mist, infiniplex_staircase_pool, minmay_lair_oklob_chamber,
          grunt_megastairs_5, lemuel_fruit_tree, serial_bayou_shore_b,
          uniq_harold
Lab:      labyrinth_hidden_loot
Bailey:   bailey_polearm_4, bailey

Skill      XL: |  1  2  3  4  5  6  7  8  9 10 11 12 |
---------------+-------------------------------------+-----
Fighting       | 2 3 4 5 6 7 |  7.9
Long Blades    | 1 2 |  2.6
Polearms       | 2 3 5 8 11 13 14 | 14.1
Invocations    | 5 |  5.6
Armour         | 4 5 |  5.1
Dodging        | 2 |  2.2
Maces & Flails | |  0.1
Bows           | |  1.3
Stealth        | |  1.0
Spellcasting   | |  1.0
Charms         | |  2.6
Air Magic      | |  1.0
Evocations     | |  1.0

Action                   |  1- 3 |  4- 6 |  7- 9 | 10-12 || total
-------------------------+-------+-------+-------+-------++-------
Melee: Spear             |    13 |    68 |   216 |       ||   297
       Kick              |     9 |    26 |    73 |   120 ||   228
       Long sword        |    62 |    51 |       |       ||   113
       Trident           |       |       |   130 |   356 ||   486
 Fire: Shortbow          |    62 |       |       |       ||    62
Evoke: Wand              |       |       |     4 |     7 ||    11
  Use: Scroll            |       |    15 |     6 |     7 ||    28
       Potion            |       |     1 |     5 |     9 ||    15
 Stab: Sleeping          |       |       |     3 |     5 ||     8
       Distracted        |       |       |       |     2 ||     2
       Invisible         |       |       |       |     7 ||     7
  Eat: Chunk             |     2 |       |     1 |     8 ||    11
       Ration            |       |     2 |     4 |     1 ||     7
Armor: Robe              |    31 |       |       |       ||    31
       Ring mail         |    30 |    34 |    98 |    59 ||   221
       Skin              |       |       |    10 |    21 ||    31
       Plate armour      |       |       |       |    28 ||    28
Dodge: Dodged            |    61 |    42 |    85 |    90 ||   278
       Rpst.: Long sword |    12 |     8 |       |       ||    20

Table legend:
 A = Spawn XP
 B = Non-spawn XP
 C = Spawn XP percentage of total XP
 D = Spawn monster count
 E = Non-spawn monster count
 F = Spawn count percentage of total count
 G = Total turns spent on level
                    A         B        C        D         E        F      G
               +---------+---------+-------+---------+---------+-------+---------
         Total |       0 |   25707 |   0.0 |       0 |     302 |   0.0 | 14497
               +---------+---------+-------+---------+---------+-------+---------
           D:1 |       0 |      40 |   0.0 |       0 |      21 |   0.0 |   953
           D:2 |       0 |     112 |   0.0 |       0 |      32 |   0.0 |  1422
           D:3 |       0 |      60 |   0.0 |       0 |      10 |   0.0 |   812
           D:4 |       0 |    1652 |   0.0 |       0 |      18 |   0.0 |  1775
           D:5 |       0 |     480 |   0.0 |       0 |      26 |   0.0 |  1141
           D:6 |       0 |    1353 |   0.0 |       0 |      37 |   0.0 |  1564
           D:7 |       0 |     601 |   0.0 |       0 |      15 |   0.0 |  1230
           D:8 |       0 |    2190 |   0.0 |       0 |      25 |   0.0 |  1042
           D:9 |       0 |    3906 |   0.0 |       0 |      39 |   0.0 |  1203
          D:10 |       0 |    4092 |   0.0 |       0 |      27 |   0.0 |   684
          D:11 |       0 |    2266 |   0.0 |       0 |      26 |   0.0 |   419
        Temple |       0 |      13 |   0.0 |       0 |       1 |   0.0 |   699
        Lair:1 |       0 |    3422 |   0.0 |       0 |      17 |   0.0 |  1115
        Lair:2 |       0 |    4294 |   0.0 |       0 |       6 |   0.0 |   143
           Lab |       0 |    1223 |   0.0 |       0 |       1 |   0.0 |   281
        Bailey |       0 |       3 |   0.0 |       0 |       1 |   0.0 |    14
               +---------+---------+-------+---------+---------+-------+---------
